 Dungeon Crawl Stone Soup version 0.16-a0-3272-g378764d (webtiles) character file.

2599 axamillion3 the Cleaver (level 9, -3/71 HPs)
             Began as a Minotaur Fighter on Aug 11, 2015.
             Was a Believer of Nemelex Xobeh.
             Engulfed by posthumous revenge's freezing vapour (17 damage)
             ... on level 7 of the Dungeon.
             The game lasted 00:48:43 (7831 turns).

axamillion3 the Cleaver (Minotaur Fighter)          Turns: 7831, Time: 00:48:43

Health: -3/71      AC: 17    Str: 25    XL:     9   Next: 33%
Magic:  0/6        EV:  4    Int:  5    God:    Nemelex Xobeh [**....]
Gold:   336        SH: 10    Dex:  9    Spells: 0 memorised, 8 levels left

rFire  . . .     SeeInvis .     a - +0 war axe
rCold  . . .     Clarity  .     o - +0 plate armour
rNeg   . . .     SustAb   .     c - +1 shield
rPois  .         Gourm    .     (helmet restricted)
rElec  .         Spirit   +     v - +0 cloak
rCorr  .         Warding  .     k - +2 pair of gloves
rMut   .         Stasis   .     n - +1 pair of boots
MR     .....                    g - amulet of guardian spirit
Stlth  ..........               s - -3 ring of protection (curse)
                                i - +2 ring of protection

@: not resistant to hostile enchantments, extremely unstealthy
A: retaliatory headbutt, horns 2
a: Renounce Religion


You were on level 7 of the Dungeon.
You worshipped Nemelex Xobeh.
Nemelex Xobeh was pleased with you.
You were not hungry.

You visited 1 branch of the dungeon, and saw 7 of its levels.

You collected 336 gold pieces.

Inventory:

Hand weapons
 a - a +0 war axe (weapon)
Armour
 c - a +1 shield (worn)
 k - a +2 pair of gloves (worn)
 n - a +1 pair of boots (worn)
 o - a +0 plate armour (worn)
 v - a +0 cloak (worn)
Jewellery
 b - an uncursed ring of positive energy
 g - an amulet of guardian spirit (around neck)
 i - a +2 ring of protection (left hand)
 q - an uncursed ring of wizardry
 s - a cursed -3 ring of protection (right hand)
Magical devices
 h - a wand of magic darts (3)
 p - a wand of fireball (6)
 u - a wand of disintegration (21)
 w - a wand of flame (7)
Scrolls
 j - 2 scrolls of magic mapping
 m - 5 scrolls of identify
Potions
 e - a potion of might
 r - a potion of restore abilities
Comestibles
 d - 9 bread rations
 f - 5 fruits
 l - a royal jelly
 t - a beef jerky


   Skills:
 - Level 3.9 Fighting
   Level 2.1 Short Blades
 + Level 14.1 Axes
 - Level 3.7 Armour
 - Level 0.2 Dodging
 - Level 0.6 Stealth
 - Level 3.7 Shields
 - Level 1.4 Evocations


You had 8 spell levels left.
You didn't know any spells.

Dungeon Overview and Level Annotations

Branches:
Dungeon (7/15)
 Temple: D:4-7

Altars:
Cheibriados
Elyvilon
Makhleb
Nemelex Xobeh
Ru
Vehumet


Innate Abilities, Weirdness & Mutations

You reflexively headbutt those who attack you in melee.
You have a pair of horns on your head.


Message History

Really walk into that cloud of freezing vapour? [Y]es or [N]o only, please.
Really walk into that cloud of freezing vapour? [Y]es or [N]o only, please.
Really walk into that cloud of freezing vapour?
Okay, then.
You are engulfed in freezing vapours.
You are engulfed in freezing vapours.
You are engulfed in freezing vapours.
You are engulfed in freezing vapours.
You are engulfed in freezing vapours.
You are engulfed in freezing vapours.
You are engulfed in freezing vapours.
* * * LOW HITPOINT WARNING * * *
Found a pair of gloves.
Found 21 gold pieces.
You start resting.
You are engulfed in freezing vapours.
You die...
Your body glows slightly and disappears.

#####
#§.§#
#§#.#
#§#.#
#§#.#
#§#.#
#§#.#
♣♣♣♣♣♣♣♣
#§#.#
♣.......
#@#.#
♣♣♣♣♣♣♣♣
#.#.#
#.#.#
#.#.#
#.#.#
#.#.#
#.#.#
#[#§#
...
#$#§##
#.....


There were no monsters in sight!

Vanquished Creatures
  Pikel (D:4)
  A hippogriff (D:5)
  An orc warrior (D:6)
  A phantom (D:7)
  3 ice beasts
  An ogre (D:5)
  A necrophage (D:7)
  2 centaurs
  2 giant frogs
  2 crimson imps
  A centaur zombie (D:6)
  2 orc priests
  A giant frog zombie (D:5)
  A hound (D:7)
  2 giant frog skeletons
  9 orc wizards
  2 iguanas (D:6)
  9 worker ants
  Ijyb (D:2)
  A hound skeleton (D:5)
  A hound zombie (D:5)
  7 adders
  2 shadow imps (D:6)
  A worm (D:2)
  2 adder skeletons (D:4)
  4 giant geckos
  An ooze (D:5)
  24 orcs
  13 bats
  A bat zombie (D:5)
  18 goblins
  14 hobgoblins
  3 jackals
  5 quokkas
  2 giant cockroaches
  5 giant newts
  15 kobolds
  8 rats
170 creatures vanquished.

Vanquished Creatures (collateral kills)
  An ugly thing (D:6)
  3 orcs (D:6)
  A giant newt (D:6)
  2 rats (D:3)
7 creatures vanquished.

Vanquished Creatures (others)
  A slave (D:4)
  A ball python (D:4)
  A giant cockroach (D:4)
  2 hobgoblins (D:4)
  A quokka skeleton (D:4)
6 creatures vanquished.

Grand Total: 183 creatures vanquished

Notes
Turn   | Place    | Note
--------------------------------------------------------------
     0 | D:1      | axamillion3, the Minotaur Fighter, began the quest for the Orb.
     0 | D:1      | Reached XP level 1. HP: 19/19 MP: 1/1
   231 | D:1      | Reached XP level 2. HP: 27/27 MP: 1/1
   789 | D:1      | Reached XP level 3. HP: 33/33 MP: 2/2
   974 | D:2      | Reached skill level 4 in Axes
  1452 | D:2      | Noticed Ijyb
  1470 | D:2      | Killed Ijyb
  1470 | D:2      | Reached skill level 5 in Axes
  1470 | D:2      | Reached XP level 4. HP: 37/40 MP: 2/2
  1948 | D:3      | Found a sparkling altar of Nemelex Xobeh.
  1960 | D:3      | Became a worshipper of Nemelex Xobeh the Trickster
  2019 | D:3      | Received a gift from Nemelex Xobeh
  2066 | D:3      | Found a radiant altar of Vehumet.
  2066 | D:3      | XOM: 1-stop teleportation journey
  2511 | D:3      | Reached XP level 5. HP: 14/46 MP: 0/2
  2515 | D:3      | Reached skill level 6 in Axes
  2789 | D:3      | Noticed a giant frog
  2794 | D:3      | Killed a giant frog
  2794 | D:3      | Reached skill level 1 in Evocations
  3283 | D:4      | Reached skill level 7 in Axes
  3283 | D:4      | Reached XP level 6. HP: 48/52 MP: 4/4
  3336 | D:4      | Noticed a slave
  3336 | D:4      | Noticed a slave
  3338 | D:4      | Noticed a slave
  3339 | D:4      | Noticed a slave
  3339 | D:4      | Noticed Pikel
  3408 | D:4      | Killed Pikel
  3408 | D:4      | Reached skill level 9 in Axes
  3408 | D:4      | Reached XP level 7. HP: 14/58 MP: 2/4
  3409 | D:4      | Killed a freed slave
  3413 | D:4      | Reached skill level 1 in Short Blades
  4173 | D:4      | Received a gift from Nemelex Xobeh
  4264 | D:4      | Reached skill level 10 in Axes
  4294 | D:4      | Found a sacrificial altar of Ru.
  4889 | D:5      | Entered Level 5 of the Dungeon
  5074 | D:5      | Reached XP level 8. HP: 38/66 MP: 2/4
  5100 | D:5      | Reached skill level 11 in Axes
  5541 | D:5      | Found a snail-covered altar of Cheibriados.
  5561 | D:5      | Received a gift from Nemelex Xobeh
  5970 | D:5      | Reached skill level 12 in Axes
  6454 | D:6      | Received a gift from Nemelex Xobeh
  6454 | D:6      | Found a burning altar of Makhleb.
  6454 | D:6      | Found a sacrificial altar of Ru.
  6456 | D:6      | Found a white marble altar of Elyvilon.
  6486 | D:6      | Noticed a purple ugly thing
  6497 | D:6      | Killed a purple ugly thing
  6723 | D:6      | Reached skill level 13 in Axes
  6838 | D:6      | Reached XP level 9. HP: 61/71 MP: 6/6
  7131 | D:6      | Received a gift from Nemelex Xobeh
  7542 | D:7      | Reached skill level 14 in Axes
  7831 | D:7      | Engulfed by posthumous revenge's freezing vapour

Action                   |  1- 3 |  4- 6 |  7- 9 || total
-------------------------+-------+-------+-------++-------
Melee: War axe           |   103 |    68 |   234 ||   405
       Dagger            |       |    30 |    96 ||   126
Evoke: Deck              |       |    11 |    37 ||    48
       Wand              |       |     4 |       ||     4
  Use: Potion            |     2 |     5 |     4 ||    11
       Scroll            |     2 |     3 |     3 ||     8
 Stab: Paralysed         |       |       |     3 ||     3
       Invisible         |       |       |     1 ||     1
  Eat: Meat ration       |     1 |       |     1 ||     2
       Chunk             |       |     1 |     5 ||     6
       Bread ration      |       |     1 |     1 ||     2
       Pizza             |       |       |     1 ||     1
